AoeStats
← AlphaPrey

Arabia

508884394Analyzed
1v1 RM · 8d ago on Sep 24, 2026· 30m 59s· 2 players
Game mode
Random Map
Map size
Tiny (2 player)
Population
200
Speed
Normal
Resources
Standard
Victory
Conquest
Starting age
Dark Age
Ending age
Imperial Age
RankedLock teamsTeams togetherTeam positionsShared explorationLock speedFull tech treeHidden civsTurbo modeCheats
Victory
Defeat
🇳🇱 Huns · Netherlands
590
+19
🇳🇱 Cumans · Netherlands
659
-19
Aztes
10:46 Feudal Age
11:13 Horse Collar
11:37 Double-Bit Axe
18:49 Forging
18:44 Scale Barding Armor
19:09 Bloodlines
23:54 Castle Age
25:26 Wheelbarrow
25:28 Chain Barding Armor
25:28 Husbandry
26:12 Gold Mining
26:13 Stone Mining
AlphaPrey
7:16 Loom
10:12 Feudal Age
15:58 Wheelbarrow
15:13 Double-Bit Axe
15:11 Horse Collar
25:18 Castle Age
26:23 Thumb Ring
26:05 Light Cavalry
Connection lost

Rejoining the realm…

Still unreachable

The connection could not be restored.

Session expired

The server has moved on; the page needs a fresh start.